 Dungeon Crawl Stone Soup version 0.20-a0-705-gbe8799e (webtiles) character file.

1934 aves the Cleaver (level 9, -6/43 HPs)
             Began as a Vine Stalker Fighter on Feb 21, 2017.
             Hit by a tomahawk thrown by an orc warrior (14 damage)
             ... on level 6 of the Dungeon.
             The game lasted 00:06:53 (4678 turns).

aves the Cleaver (Vine Stalker Fighter)             Turns: 4678, Time: 00:06:54

Health: -6/43      AC: 12    Str: 20    XL:     9   Next: 17%
Magic:  0/10       EV:  3    Int: 11    God:
Gold:   373        SH:  9    Dex: 13    Spells: 8/8 levels left

rFire    . . .     SeeInvis .   a - +0 war axe
rCold    + . .     Gourm    .   C - +0 plate armour
rNeg     . . .     Faith    +   c - +0 shield
rPois    .         Spirit   +   (no helmet)
rElec    .         Reflect  .   I - scarf {rC+}
rCorr    .         Harm     .   (no gloves)
MR       ++...                  F - +0 pair of boots
Stlth    ..........             i - amulet of faith
Regen    0.6/turn               (no ring)
MPRegen  0.2/turn               t - ring of protection from magic

@: no status effects
A: fangs 3, regeneration 1, magic shield, antimagic bite, no potion heal 3, rot
immunity
a: no special abilities


You were on level 6 of the Dungeon.
You were hungry.

You visited 1 branch of the dungeon, and saw 6 of its levels.
You also visited: Sewer.

You collected 373 gold pieces.

Inventory:

Hand Weapons
 a - a +0 war axe (weapon)
Armour
 b - a +0 scale mail
 c - a +0 shield (worn)
 C - a +0 plate armour (worn)
 F - a +0 pair of boots (worn)
 I - a scarf of cold resistance (worn)
Jewellery
 i - an amulet of faith (around neck)
 q - an uncursed ring of fire
 t - a ring of protection from magic (left hand)
 w - an uncursed amulet of rage {unknown}
 H - an uncursed ring of ice {unknown}
Wands
 s - a wand of random effects (16/48)
Scrolls
 g - 5 scrolls of amnesia {unknown}
 j - 3 scrolls of recharging {unknown}
 n - 4 scrolls of identify
 o - 4 scrolls of immolation {unknown}
 r - 2 scrolls of enchant weapon {unknown}
 x - 2 scrolls of teleportation {unknown}
 y - a scroll of fog {unknown}
 A - 2 scrolls of blinking {unknown}
 B - 3 scrolls of remove curse {unknown}
 E - a scroll of noise {unknown}
Potions
 e - 5 potions of heal wounds
 k - 3 potions of brilliance
 m - 3 potions of flight
 p - a potion of degeneration
 u - 2 potions of mutation
 v - 2 potions of curing
 z - a potion of lignification
 D - a potion of haste {unknown}
Books
 G - a book of Callings

   Spells                             Type                      Level
   a - Summon Small Mammal            Summoning                    1
   b - Call Imp                       Summoning                    2
   c - Call Canine Familiar           Summoning                    3
   d - Summon Guardian Golem          Hexes/Summoning              3
   e - Summon Lightning Spire         Summoning/Air                4
   f - Summon Ice Beast               Ice/Summoning                4
Comestibles
 d - 3 meat rations
 f - 5 bread rations
 h - 2 royal jellies
 l - 4 fruits
 J - a chunk of flesh


   Skills:
 - Level 2.6 Fighting
 + Level 10.7 Axes
 - Level 2.4 Armour
 - Level 2.6 Shields


You had 8 spell levels left.
You didn't know any spells.

Dungeon Overview and Level Annotations

Branches:
Dungeon (6/15)             Temple (0/1) D:4

Altars:
Ashenzari
Cheibriados
Elyvilon
Fedhas
Kikubaaqudgha
Okawaru
Ru
Trog
Uskayaw
Xom
Zin

Shops:
D:6 =


Innate Abilities, Weirdness & Mutations

You have razor-sharp teeth.
Your natural rate of healing is unusually fast.
When hurt, damage is shared between your health and your magic reserves.
Your bite disrupts and absorbs the magic of your enemies.
Potions cannot restore your health.
You are immune to rotting.


Message History

You hit the orc. You bite the orc. You drain its power.
You kill the orc!
The orc warrior throws a tomahawk.
The tomahawk hits you but does no damage.
The orc warrior hits you with a scimitar!
You see here 2 tomahawks.
You hit the orc warrior.
The orc warrior is lightly wounded.
You block the orc warrior's attack.
You closely miss the orc warrior. You bite the orc warrior.
You drain its power.
You feel invigorated.
The orc warrior is moderately wounded.
The orc warrior hits you with a scimitar!!
You are too injured to fight recklessly!
You are too injured to fight recklessly!
The orc warrior throws a tomahawk.
The tomahawk hits you!
* * * LOW HITPOINT WARNING * * *
You see here 3 tomahawks.
The orc warrior throws a tomahawk.
The tomahawk hits you!
You die...

..# ####
#.#..[...............#)#
'## ...#
#.#..................#o#
.###...#
#.##................##.#
.......#
#..##..............###.#
.....###
##..##............## #.#
.....# ##..##..........##
#.# .#####
##..##........## #.. .#
########..########## #..
.######.........@((o.....#
#..
......#..........##.......
##. ...^..#..........#
...(... .
......#..........# .......
. ......#..........#
....... .
......#..........# ......#
......#..........# ......#
###....########### ..(...#
####.#


You could see an orc warrior.

Vanquished Creatures
  The ghost of M4edhros the Covert, a novice OpAr (D:6)
  A hungry ghost (D:6)
  An orc warrior (D:6)
  An ice beast (D:5)
  A phantom (D:4)
  4 centaurs
  A big kobold (Sewer)
  A howler monkey (D:5)
  A crimson imp (D:6)
  2 hounds
  3 orc priests
  2 bullfrog skeletons
  2 worker ants (D:4)
  9 orc wizards
  8 adders
  3 river rats (Sewer)
  An ooze (D:2)
  An adder zombie (D:6)
  2 dart slugs
  3 leopard geckos
  23 orcs
  A ball python (D:3)
  8 giant cockroaches
  6 goblins
  5 hobgoblins
  5 jackals
  A quokka (D:6)
  4 bats
  2 frilled lizards (D:1)
  A jackal zombie (D:5)
  6 kobolds
  10 rats
120 creatures vanquished.

Vanquished Creatures (others)
  A sky beast (D:6)
1 creature vanquished.

Grand Total: 121 creatures vanquished

Notes
Turn   | Place    | Note
-------+----------+-------------------------------------------
     0 | D:1      | aves the Vine Stalker Fighter began the quest for the Orb.
     0 | D:1      | Reached XP level 1. HP: 11/11 MP: 2/2
    80 | D:1      | Reached skill level 2 in Axes
   228 | D:1      | Reached XP level 2. HP: 16/16 MP: 3/3
   788 | D:2      | Found a shimmering altar of Xom.
   808 | D:2      | Reached skill level 3 in Axes
  1004 | D:2      | Reached XP level 3. HP: 19/19 MP: 4/4
  1070 | D:2      | Found an ancient bone altar of Kikubaaqudgha.
  1071 | D:2      | Found a shattered altar of Ashenzari.
  1727 | D:3      | Gained mutation: Your natural rate of healing is unusually fast. [Vine Stalker growth]
  1727 | D:3      | Reached XP level 4. HP: 23/23 MP: 5/5
  1735 | D:3      | Reached skill level 4 in Axes
  2193 | D:4      | Noticed a centaur
  2203 | D:4      | Killed a centaur
  2203 | D:4      | Reached skill level 5 in Axes
  2203 | D:4      | Reached XP level 5. HP: 12/27 MP: 3/6
  2239 | D:4      | Found a glowing drain.
  2244 | D:4      | Noticed a phantom
  2255 | D:4      | Reached XP level 6. HP: 12/32 MP: 7/7
  2272 | D:4      | Killed a phantom
  2272 | D:4      | Reached skill level 6 in Axes
  2286 | Sewer    | Entered a sewer
  2452 | Sewer    | Reached XP level 7. HP: 35/35 MP: 8/8
  2470 | Sewer    | Found a glowing silver altar of Zin.
  2552 | D:4      | Found a hide-covered altar of Uskayaw.
  2589 | D:4      | Found a staircase to the Ecumenical Temple.
  2686 | D:4      | Reached skill level 7 in Axes
  2949 | D:4      | Found a white marble altar of Elyvilon.
  2949 | D:4      | Found a bloodstained altar of Trog.
  2949 | D:4      | Found a snail-covered altar of Cheibriados.
  2949 | D:4      | Found an iron altar of Okawaru.
  2956 | D:4      | Found a glowing silver altar of Zin.
  2961 | D:4      | Found a sacrificial altar of Ru.
  3177 | D:5      | Entered Level 5 of the Dungeon
  3414 | D:5      | Reached skill level 8 in Axes
  3483 | D:5      | Gained mutation: You have razor-sharp teeth. [Vine Stalker growth]
  3483 | D:5      | Reached XP level 8. HP: 36/39 MP: 9/9
  3876 | D:6      | Noticed M4edhros's ghost (novice OpAr)
  4052 | D:6      | Killed M4edhros's ghost
  4052 | D:6      | Reached skill level 9 in Axes
  4110 | D:6      | Reached skill level 10 in Axes
  4245 | D:6      | Reached XP level 9. HP: 23/43 MP: 6/10
  4374 | D:6      | Found a blossoming altar of Fedhas.
  4457 | D:6      | Found Nomom's Jewellery Boutique.
  4678 | D:6      | Hit by a tomahawk thrown by an orc warrior

Vault maps used:
D:1:      lightli_iron_boxes, serial_bayou_lake_a
D:2:      lemuel_round_altar, gammafunk_temple_overflow_pools, moated_statue,
          columned_hall_lemuel
D:4:      minmay_overflow_temple_hex, eat_drink_and_be_merry_uskayaw,
          minmay_temple_entry_trees, first_bread, gup_sewer_entry_glass
D:5:      grunt_ministairs_5, serial_bayou_pond_d
D:6:      kennysheep_big_flooded_room, fedhas_altar_4, serial_shops, shop,
          tgw_trog
Sewer:    sewer_kobolds

Skill      XL: |  1  2  3  4  5  6  7  8 |
---------------+-------------------------+-----
Axes           | 2 3 5 6 8 10 | 10.7
Fighting       | |  2.6
Armour         | |  2.4
Shields        | |  2.6

Action                   |  1- 3 |  4- 6 |  7- 9 || total
-------------------------+-------+-------+-------++-------
Melee: War axe           |    96 |    99 |   244 ||   439
       Bite              |    21 |    26 |    79 ||   126
  Use: Scroll            |       |     7 |       ||     7
       Potion            |       |     1 |       ||     1
  Eat: Chunk             |     2 |     2 |     6 ||    10
       Meat ration       |       |       |     1 ||     1
       Royal jelly       |       |       |     1 ||     1
Armor: Scale mail        |    48 |    32 |       ||    80
       Plate armour      |       |    19 |   113 ||   132
Dodge: Dodged            |    28 |    32 |    30 ||    90
Block: Shield            |    42 |    55 |   109 ||   206
